 Dungeon Crawl Stone Soup version 0.31-a0-187-gba352fbbf7 (webtiles) character file.

Game seed: 3995117877186590350

86 qw the Shooter (level 4, -1/25 HPs)
             Began as a Deep Elf Hunter on June 22, 2023.
             Killed from afar by Natasha (6 damage)
             ... with a magic dart
             ... on level 2 of the Dungeon.
             The game lasted 00:00:34 (1519 turns).

qw the Shooter (Deep Elf Hunter)                    Turns: 1519, Time: 00:00:35

Health: -1/25      AC:  3    Str: 10    XL:     4   Next: 26%
Magic:  6/6        EV: 12    Int: 14    God:
Gold:   102        SH:  0    Dex: 18    Spells: 3/3 levels left

rFire   . . .        Y - +0 shortbow
rCold   . . .        (shield currently unavailable)
rNeg    . . .        c - +0 leather armour
rPois   .            (no helmet)
rElec   .            (no cloak)
rCorr   .            (no gloves)
SInv    .            (no boots)
Will    .....        (no amulet)
Stlth   ++           (no ring)
HPRegen 0.24/turn    (no ring)
MPRegen 0.10/turn

%: no passive effects
@: slowed, very slow
A: no striking features
a: no special abilities


You were on level 2 of the Dungeon.
You visited 1 branch of the dungeon, and saw 2 of its levels.

You collected 102 gold pieces.


   Skills:
 - Level 1.5 Fighting
 + Level 7.7 Ranged Weapons
 - Level 2.4 Dodging
 - Level 1.2 Stealth


You had 3 spell levels left.
You didn't know any spells.
Your spell library was empty.

Inventory:

Hand Weapons
 Y - a +0 shortbow (weapon)
Armour
 b - a +0 pair of gloves
 c - a +0 leather armour (worn)
 f - a +0 ring mail
Jewellery
 j - a +6 ring of intelligence
Scrolls
 a - a scroll of identify
 e - a scroll of torment {unknown}
 l - a scroll of enchant weapon {unknown}
Potions
 d - 2 potions of cancellation {unknown}
 g - a potion of mutation
 h - a potion of heal wounds {unknown}
 i - a potion of resistance {unknown}
 k - 2 potions of curing {unknown}

Dungeon Overview and Level Annotations

Branches:
Dungeon (2/15)

Altars:
Dithmenos

Annotations:
D:2 Natasha


Message History

You feel yourself slow down.
You shoot an arrow. The arrow hits Natasha.
Natasha is moderately wounded.
Natasha zaps a wand.
The puff of flame misses you.
You shoot an arrow. The arrow closely misses Natasha.
Natasha casts a spell.
You shoot an arrow.
The arrow closely misses the cerulean imp.
The cerulean imp hits you from afar with a +0 spear.
You shoot an arrow.
The arrow hits Natasha but does no damage.
Natasha is moderately wounded.
Natasha claws you but does no damage. The cerulean imp barely misses you.
Natasha zaps a wand.
The puff of flame hits you.
The cerulean imp hits you but does no damage.
You shoot an arrow. The arrow barely misses Natasha.
Natasha claws you but does no damage. The cerulean imp closely misses you.
Natasha barely misses you. The cerulean imp misses you.
You shoot an arrow. The arrow barely misses Natasha.
Natasha misses you.
The cerulean imp hits you from afar with a +0 spear.
You shoot an arrow.
The arrow hits Natasha but does no damage.
Natasha is moderately wounded.
Natasha zaps a wand.
The puff of flame hits you. The cerulean imp completely misses you.
Natasha claws you. The cerulean imp closely misses you.
You shoot an arrow. The arrow misses Natasha.
Natasha misses you. The cerulean imp barely misses you.
You shoot an arrow. The arrow closely misses Natasha.
Natasha barely misses you.
The cerulean imp hits you from afar with a +0 spear.
Natasha stares at you and mumbles some strange words.
You resist with some effort.
The cerulean imp hits you but does no damage.
You shoot an arrow. The arrow hits Natasha!
Natasha is severely wounded.
Natasha casts a spell at you. The magic dart hits you.
You die...

....## .....#
#.......# ...%.#
#.......# .....#
#.......# .....#
#.......# ####.#
#.......# #.#
##.5.....## ####.#
#...h.....# #....#
#...@.....# #.##.#
#....#)....?
#.##############.#
##...
#.............##.#
#
#############...)#
######


You could see Natasha and a cerulean imp (summoned).

Vanquished Creatures
  Natasha (D:2)
  2 worms (D:2)
  2 dart slugs (D:2)
  2 endoplasms
  3 giant cockroaches
  10 goblins
  7 hobgoblins
  6 jackals (D:2)
  A kobold (D:1)
  A quokka (D:2)
  2 ball pythons (D:1)
  4 bats
  A frilled lizard (D:1)
  4 rats
46 creatures vanquished.

Notes
Turn   | Place    | Note
-------+----------+-------------------------------------------
     0 | D:1      | qw the Deep Elf Hunter began the quest for the Orb.
     0 | D:1      | Reached XP level 1. HP: 12/12 MP: 3/3
     0 | D:1      | 0 ||| qw: Version: 0.3-a-9-g12657ce
     0 | D:1      | 0 ||| qw: Game counter: 2594
     0 | D:1      | 0 ||| qw: Always use a shield: true
     0 | D:1      | 0 ||| qw: God list: Okawaru
     0 | D:1      | 0 ||| qw: Allow faded altars: false
     0 | D:1      | 0 ||| qw: Do Orc after D:15 true
     0 | D:1      | 0 ||| qw: Do second Lair branch before Depths: true
     0 | D:1      | 0 ||| qw: Lair rune preference: random
     0 | D:1      | 0 ||| qw: Plans: Normal
     0 | D:1      | 0 ||| PLANNING D:1-11
   201 | D:1      | Reached skill level 6 in Ranged Weapons
   201 | D:1      | Reached XP level 2. HP: 16/16 MP: 4/4
   740 | D:1      | 740 ||| READING 3 scrolls labelled ZERYWAEROG.
   741 | D:1      | 741 ||| READING scroll labelled SONIPS SYNYEDDA.
   742 | D:1      | 742 ||| READING 3 scrolls labelled JUQUECO FON.
   743 | D:1      | 743 ||| READING scroll labelled NUTOCS HACA.
   844 | D:1      | 844 ||| READING 2 scrolls of identify.
   844 | D:1      | 844 ||| IDENTIFYING sapphire potion
   845 | D:1      | 845 ||| DROPPING scroll of butterflies.
   846 | D:1      | 846 ||| DROPPING 2 scrolls of vulnerability.
   903 | D:2      | Found a shadowy altar of Dithmenos.
   925 | D:2      | Noticed Natasha
   933 | D:2      | Killed Natasha
   934 | D:2      | Reached skill level 7 in Ranged Weapons
   934 | D:2      | Reached XP level 3. HP: 12/20 MP: 5/5
   934 | D:2      | 934 ||| FLEEEEING.
   935 | D:2      | 935 ||| FLEEEEING.
   936 | D:2      | 936 ||| FLEEEEING.
   937 | D:2      | 937 ||| FLEEEEING.
   938 | D:2      | 938 ||| FLEEEEING.
  1134 | D:2      | Reached XP level 4. HP: 25/25 MP: 6/6
  1507 | D:2      | Noticed Natasha
  1518 | D:2      | HP: 5/25 [cerulean imp/+0 spear[Natasha] (3)]
  1519 | D:2      | Killed from afar by Natasha

Levels and vault maps discovered:
D:1:      dpeg_arrival_tiny_f, layout_basic, minmay_misc_feat_alley,
          minmay_crystal_water, ebering_dispersal_statue_hall,
          minmay_heptomino_l4
D:2:      layout_basic, basic_altar, minmay_goblin_kobold_house, uniq_natasha

Skill      XL: |  1  2 |
---------------+-------+-----
Ranged Weapons | 6 7 |  7.7
Fighting       | |  1.5
Dodging        | |  2.4
Stealth        | |  1.2

Action                     |  1- 3 |  4- 6 || total
---------------------------+-------+-------++-------
   Fire: Shortbow          |    80 |    41 ||   121
    Use: Scroll            |     5 |       ||     5
 Armour: Leather armour    |     5 |    10 ||    15
  Dodge: Dodged            |     9 |    16 ||    25

Table legend:
 A = Non-vault XP
 B = Vault XP
 C = Vault XP percentage of total XP
 D = Non-vault monster count
 E = Vault monster count
 F = Vault count percentage of total count
                 A         B        C        D         E       F
            +---------+---------+-------+---------+---------+-------
      Total |      70 |      53 |  43.1 |      34 |      12 |  26.1
            +---------+---------+-------+---------+---------+-------
        D:1 |      19 |       5 |  20.8 |      12 |       4 |  25.0
        D:2 |      51 |      48 |  48.5 |      22 |       8 |  26.7
            +---------+---------+-------+---------+---------+-------
